 Dungeon Crawl Stone Soup version 0.32-a0-876-gcfddb08e57 (webtiles) character file.

Game seed: 14315248704127862760

400 Mindmass the Conjurer (level 6, -6/41 HPs)
             Began as a Human Conjurer on Apr 1, 2024.
             Mangled by a gnoll sergeant
             ... wielding a +0 spear
              (7 damage)
             ... on level 4 of the Dungeon.
             The game lasted 00:06:58 (3852 turns).

Mindmass the Conjurer (Human Conjurer)              Turns: 3852, Time: 00:06:58

Health: -6/41      AC:  8    Str: 13    XL:     6   Next: 84%
Magic:  4/12       EV: 11    Int: 20    God:
Gold:   148        SH:  0    Dex: 12    Spells: 10/13 levels left

rFire   + . .        r - staff of fire
rCold   . . .        (no shield)
rNeg    . . .        a - +0 robe
rPois   .            (no helmet)
rElec   .            (no cloak)
rCorr   .            w - +0 pair of gloves
SInv    .            s - +0 pair of boots
Will    .....        (no amulet)
Stlth   ++           n - +6 ring of strength
HPRegen 0.26/turn    q - +4 ring of protection
MPRegen 0.13/turn

%: no passive effects
@: lethally poisoned (-6 -> -17)
A: explore regen
a: no special abilities


You were on level 4 of the Dungeon.
You visited 1 branch of the dungeon, and saw 4 of its levels.

You collected 168 gold pieces.
You spent 20 gold pieces at shops.

Inventory:

Hand Weapons
 d - a +0 dagger
Armour
 a - a +0 robe (worn)
 s - a +0 pair of boots (worn)
 v - a scarf of invisibility
 w - a +0 pair of gloves (worn)
Magical Staves
 r - a staff of fire (weapon)
Jewellery
 c - a ring of fire
 l - an amulet of faith
 n - a +6 ring of strength (left hand)
 q - a +4 ring of protection (right hand)
 t - a ring of see invisible
Wands
 m - a wand of charming (6)
Scrolls
 e - 6 scrolls of identify
 f - a scroll of brand weapon {unknown}
 k - 2 scrolls of amnesia {unknown}
 o - a scroll of poison {unknown}
 u - 2 scrolls of fear {unknown}
Potions
 b - a potion of magic
 g - 2 potions of attraction {unknown}
 h - a potion of invisibility {unknown}
 i - 2 potions of might {unknown}
 j - a potion of degeneration {unknown}
 p - a potion of brilliance {unknown}
 x - a potion of enlightenment {unknown}


   Skills:
 - Level 2.4 Dodging
 - Level 2.4 Stealth
 - Level 4.0 Spellcasting
 + Level 6.6 Conjurations


You had 10 spell levels left.
You knew the following spells:

 Your Spells              Type           Power      Damage    Failure   Level
a - Magic Dart            Conj           100%       1d8       1%          1
b - Searing Ray           Conj           60%        2d6       1%          2

Your spell library contained the following spells:

 Spells                   Type           Power      Damage    Failure   Level
 Shock                    Conj/Air       68%        1d7       3%          1
 Sting                    Conj/Alch      68%        1d7       3%          1
 Momentum Strike          Conj/Tloc      34%        3d8       4%          2
 Apportation              Tloc           8%         N/A       13%         1
 Necrotise                Necr           16%        1d4       13%         1
 Summon Small Mammal      Summ           16%        N/A       13%         1
 Blink                    Tloc           8%         N/A       19%         2
 Lesser Beckoning         Tloc           8%         N/A       19%         2
 Fulminant Prism          Conj/Alch      8%         3d6       32%         4
 Iskenderun's Mystic Bla Conj/Tloc 17%            2d5        (+2d2     32%         4
 Swiftness                Air            4%         N/A       36%         3
 Airstrike                Air            2%         2d(1-17)  77%         4


Dungeon Overview and Level Annotations

Branches:
Dungeon (4/15)
 Temple: D:4-7

Altars:
Xom

Shops:
D:1 ?


Innate Abilities, Weirdness & Mutations

You regain HP and MP as you explore.


Message History

The gnoll sergeant barely misses you. The gnoll misses you.
The searing ray hits the gnoll!
The gnoll is almost dead.
The searing ray hits the gnoll!
The gnoll is severely wounded.
The gnoll sergeant hits you but does no damage.
The gnoll hits you but does no damage. x2
The searing ray hits the gnoll!
You kill the gnoll!
The searing ray hits the gnoll.
The gnoll is almost dead.
The gnoll sergeant hits you from afar with a +0 spear.
The gnoll hits you from afar with a +3 halberd of venom!
You are poisoned.
The searing ray hits the gnoll.
You kill the gnoll!
You finish channelling your searing ray.
You feel very sick.
The gnoll sergeant hits you but does no damage.
The gnoll hits you from afar with a +3 halberd of venom!
You are lethally poisoned!
* * * LOW HITPOINT WARNING * * *
You feel very sick.
Casting: Searing Ray (safe; 1% risk of failure)
Confirm with . or Enter, or press ? or * to list all spells.
Aiming: Searing Ray (safe; 1% risk of failure)
Press: ? - help, Shift-Dir - straight line, f - gnoll sergeant
Aim: a gnoll sergeant, wielding a +0 spear, wearing a +0 ring mail and wearing a +0 buckler (85% to hit)
The searing ray hits the gnoll sergeant but does no damage. (Press . to maintain the ray.)
* * * LOW HITPOINT WARNING * * *
You feel very sick. The gnoll sergeant closely misses you.
The searing ray hits the gnoll sergeant but does no damage.
The searing ray hits the gnoll!
The gnoll is almost dead.
* * * LOW HITPOINT WARNING * * *
You feel very sick.
The gnoll sergeant hits you from afar with a +0 spear!
You die...

≈≈ ##.. #≈ ###..#
######≈#######...##
#.?.#≈≈##......#...
#...#≈≈##.######.##
.g.#≈≈##.# #..##
##g###≈...#####.##.
#≈##≈.≈##≈.........##.
#≈≈≈≈@≈≈≈≈.....####...
#####..........##...##
###...........###
####.........### ##
##....#.......#####.
#..#................
#####.##.#........#...#.
#........#.>......###...
#........##.............


You could see a gnoll sergeant and a gnoll.

Vanquished Creatures
  A phantom (D:4)
  A scorpion (D:4)
  A bombardier beetle (D:4)
  A jelly (D:4)
  An iguana (D:4)
  An orc wizard (D:3)
  4 adders
  2 gnolls (D:4)
  2 dart slugs
  A ribbon worm (D:3)
  8 orcs
  3 bats
  4 endoplasms
  5 giant cockroaches
  7 goblins
  5 hobgoblins
  14 jackals
  7 quokkas
  2 ball pythons
  3 frilled lizards
  3 kobolds
  6 rats
82 creatures vanquished.

Notes
Turn   | Place    | Note
-------+----------+-------------------------------------------
     0 | D:1      | Mindmass the Human Conjurer began the quest for the Orb.
     0 | D:1      | Reached XP level 1. HP: 13/13 MP: 3/3
   286 | D:1      | Reached XP level 2. HP: 19/19 MP: 3/5
   289 | D:1      | Learned a level 2 spell: Searing Ray
   864 | D:1      | Reached XP level 3. HP: 22/24 MP: 0/6
  1146 | D:1      | Found Sanydeir's Magic Scroll Shop.
  1154 | D:1      | Bought a scroll of identify for 20 gold pieces
  1339 | D:2      | Found a shimmering altar of Xom.
  1909 | D:3      | Reached XP level 4. HP: 30/30 MP: 0/8
  2667 | D:3      | Reached XP level 5. HP: 35/35 MP: 8/11
  3102 | D:4      | Reached skill level 5 in Conjurations
  3102 | D:4      | Reached XP level 6. HP: 41/41 MP: 4/12
  3457 | D:4      | Reached skill level 6 in Conjurations
  3852 | D:4      | HP: 1/41 [poisoned by a gnoll]
  3852 | D:4      | Mangled by a gnoll sergeant

Illustrated notes

Levels and vault maps discovered:
D:1:      minmay_arrival_radiant_lines, layout_basic, serial_shops,
          nicolae_shop_temple_entry_statues_fountains
D:2:      layout_rooms, basic_altar
D:3:      layout_basic
D:4:      layout_rooms, lightli_minifort

Skill      XL: |  1  2  3  4  5  6 |
---------------+-------------------+-----
Spellcasting   | 3 4 |  4.0
Conjurations   | 5 6 |  6.6
Dodging        | |  2.4
Stealth        | |  2.4

Action                     |  1- 3 |  4- 6 || total
---------------------------+-------+-------++-------
  Melee: Dagger            |    13 |     3 ||    16
   Cast: Magic Dart        |    78 |    61 ||   139
         Searing Ray       |     3 |    22 ||    25
 Armour: Robe              |    39 |    24 ||    63
  Dodge: Dodged            |    38 |    17 ||    55

Table legend: (Time is in decaauts)
 A = Elapsed time spent in this place.
 B = Non-inter-level travel time spent in this place.
 C = Inter-level travel time spent in this place.
 D = Time resting spent in this place.
 E = Time spent auto-exploring this place.
 F = Levels seen in this place.
 G = Mean time per level.
                   A        B        C        D        E       F      G
               +--------+--------+--------+--------+--------+-----+--------+
         Total |   3851 |   3807 |     44 |    417 |   2866 |   4 |  962.8 |
       Dungeon |   3851 |   3807 |     44 |    417 |   2866 |   4 |  962.8 |
               +--------+--------+--------+--------+--------+-----+--------+

Top non-repeatable levels by time:
     D:3: 1368 daAuts
     D:1: 1337 daAuts
     D:4: 697 daAuts
     D:2: 447 daAuts
